 Dungeon Crawl Stone Soup version 0.21.1-1-g345015fe64 (webtiles) character file.

32 Gargoyl the Skirmisher (level 3, 0/31 HPs)
             Began as a Centaur Abyssal Knight on June 23, 2018.
             Was a Follower of Lugonu.
             Succumbed to an adder's poison
             ... on level 2 of the Dungeon.
             The game lasted 00:01:34 (1078 turns).

Gargoyl the Skirmisher (Centaur Abyssal Knight)     Turns: 1078, Time: 00:01:34

Health: 0/31       AC:  9    Str: 14    XL:     3   Next: 10%
Magic:  4/4        EV:  1    Int: 11    God:    Lugonu [*.....]
Gold:   124        SH:  0    Dex:  9    Spells: 2/2 levels left

rFire    . . .     SeeInvis .   a - +1 hand axe
rCold    . . .     Gourm    .   (no shield)
rNeg     . . .     Faith    .   g - +0 plate armour (curse)
rPois    .         Spirit   .   (no helmet)
rElec    .         Reflect  .   (no cloak)
rCorr    .         Harm     .   e - +0 pair of gloves
MR       .....                  (no barding)
Stlth    ..........             (no amulet)
HPRegen  0.10/turn              (no ring)
MPRegen  0.09/turn              (no ring)

@: lethally poisoned (0 -> -2), very quick
A: large, hooves 3, deformed body, speed 2, tough skin 3
a: Depart the Abyss, Renounce Religion


You were on level 2 of the Dungeon.
You worshipped Lugonu.
Lugonu was aware of your devotion.
You were not hungry.

You visited 1 branch of the dungeon, and saw 2 of its levels.
You visited the Abyss 1 time.

You collected 124 gold pieces.

Inventory:

Hand Weapons
 a - a +1 hand axe (weapon)
Armour
 e - a +0 pair of gloves (worn)
 g - a cursed +0 plate armour (worn)
Comestibles
 c - 4 rations


   Skills:
 + Level 3.5 Fighting
 + Level 2.0 Axes
 * Level 1.9 Armour
 + Level 0.7 Dodging
 * Level 2.3 Invocations


You had 2 spell levels left.
You didn't know any spells.

Dungeon Overview and Level Annotations

Branches:
Dungeon (2/15)

Altars:


Innate Abilities, Weirdness & Mutations

You have hooves in place of feet.
Armour fits poorly on your strangely shaped body.
You cover ground very quickly.
You have extremely tough skin. (AC +3)


Message History

You butcher the adder corpse.
* * * LOW HITPOINT WARNING * * *
You feel sick.
You see here 2 chunks of flesh.
* * * LOW HITPOINT WARNING * * *
You feel sick.
* * * LOW HITPOINT WARNING * * *
You feel sick.
You open the door.
There is an open door here.
* * * LOW HITPOINT WARNING * * *
You feel sick.
* * * LOW HITPOINT WARNING * * *
You feel sick.
* * * LOW HITPOINT WARNING * * *
You feel sick.
You open the door.
Found a scroll labeled DUYCLORHEPH.
There is an open door here.
You die...

* *..........#.##( *
##########'###+#.. *
#####................( *
#.......#####......... *
#.......# #......... * #.......#
########## * #####'#######* *
******* #........* * *,,,,,*
#@.......*
***,,,,,*******#........*********
,,,,,,,,,,,,,,,.........,,,,,,,,,
,,,,,,,,,,,,,,........?.,********
***,,,,,*****##.........,********
* *,,,,,* *,.....####.,,,,,,,,,
***,,,,,* *,.....# *,,,,,,,,,,
,,*,,,,,* *......# *,,,,,,,,,,
,,*,,,,,* *,,,,,,* *,,,,,,,,,,


There were no monsters in sight!

Vanquished Creatures
  An adder (D:2)
  3 dart slugs (D:1)
  A leopard gecko (D:1)
  4 giant cockroaches (D:1)
  A hobgoblin (D:1)
  2 kobolds
  2 goblins (D:1)
  2 rats (D:1)
16 creatures vanquished.

Notes
Turn   | Place    | Note
-------+----------+-------------------------------------------
     0 | Abyss:1  | Gargoyl the Centaur Abyssal Knight began the quest for the Orb.
     0 | Abyss:1  | Reached XP level 1. HP: 19/19 MP: 2/2
    20 | Abyss:1  | Found a corrupted altar of Lugonu.
    54 | Abyss:1  | Found a corrupted altar of Lugonu.
   101 | Abyss:1  | Noticed a small abomination
   106 | Abyss:1  | Noticed a hellwing
   112 | D:1      | Escaped the Abyss
   275 | D:1      | Reached * piety under Lugonu
   333 | D:1      | Reached XP level 2. HP: 13/26 MP: 3/3
  1052 | D:2      | Reached XP level 3. HP: 6/31 MP: 4/4
  1067 | D:2      | HP: 1/31 [poisoned by an adder]
  1073 | D:2      | HP: 1/31 [poisoned by an adder]
  1078 | D:2      | Succumbed to an adder's poison

Skill      XL: |  1  2 |
---------------+-------+-----
Axes           | 2 |  2.0
Fighting       | |  3.5
Armour         | |  1.9
Dodging        | |  0.7
Invocations    | |  2.3

Action                   || total
-------------------------++-------
Melee: Hand axe          ||    44
       Kick              ||     9
Invok: Depart the Abyss  ||     1
  Use: Potion            ||     1
       Scroll            ||     2
Armor: Leather armour    ||    10
       Plate armour      ||    13
Dodge: Dodged            ||    14
